 Dungeon Crawl Stone Soup version 0.24.0-125-gc4c63601f3 (webtiles) character file.

Game seed: 11606035587415668103, levelgen mode: deterministic

78 Gildeon the Conjurer (level 4, -9/24 HPs)
             Began as a Deep Elf Conjurer on Mar 15, 2020.
             Killed from afar by an orc wizard (10 damage)
             ... with a puff of flame
             ... on level 3 of the Dungeon on Mar 21, 2020.
             The game lasted 00:06:40 (1963 turns).

Gildeon the Conjurer (Deep Elf Conjurer)            Turns: 1963, Time: 00:06:40

Health: -9/24      AC:  2    Str:  5    XL:     4   Next: 15%
Magic:  3/12       EV: 13    Int: 21    God:
Gold:   64         SH:  0    Dex: 15    Spells: 5/11 levels left

rFire    . . .     SeeInvis .   f - +1 whip (drain)
rCold    . . .     Gourm    .   (no shield)
rNeg     . . .     Faith    .   a - +0 robe
rPois    .         Spirit   .   (no helmet)
rElec    .         Reflect  .   (no cloak)
rCorr    .         Harm     .   (no gloves)
MR       .....                  (no boots)
Stlth    ++........             (no amulet)
HPRegen  0.08/turn              (no ring)
MPRegen  0.13/turn              (no ring)

@: no status effects
A: no striking features
a: no special abilities


You were on level 3 of the Dungeon.
You were hungry.

You visited 1 branch of the dungeon, and saw 3 of its levels.

You collected 64 gold pieces.

Inventory:

Hand Weapons
 f - a +1 whip of draining (weapon)
Armour
 a - a +0 robe (worn)
 h - a +0 large shield
Wands
 p - a wand of random effects (27)
Scrolls
 e - 2 scrolls of teleportation
 i - a scroll of remove curse
 k - a scroll of enchant armour {unknown}
 m - a scroll of random uselessness {unknown}
 n - a scroll of amnesia {unknown}
 q - a scroll of magic mapping {unknown}
Potions
 d - a potion of heal wounds {unknown}
 g - 2 potions of agility
 j - 2 potions of might
 l - a potion of haste {unknown}
 o - a potion of resistance {unknown}
Comestibles
 c - 7 rations


   Skills:
 + Level 2.9 Dodging
 + Level 3.0 Stealth
 + Level 0.6 Shields
 + Level 4.4 Spellcasting
 - Level 5.0 Conjurations


You had 5 spell levels left.
You knew the following spells:

 Your Spells              Type           Power        Failure   Level  Hunger
a - Magic Dart            Conj           ####         1%          1    None
b - Searing Ray           Conj           ####..       2%          2    #......
c - Dazzling Spray        Conj/Hex       ###...       12%         3    ##.....

Your spell library contained the following spells:

 Spells                   Type           Power        Failure   Level  Hunger
 Iskenderun's Mystic Bla  Conj           ####....     14%         4    ####...
 Force Lance              Conj/Tloc      ###.....     38%         4    ####...
 Fulminant Prism          Conj/Hex       ###.......   38%         4    ####...


Dungeon Overview and Level Annotations

Branches:
Dungeon (3/15)

Altars:


Message History

Aiming: Magic Dart (safe; 1% risk of failure)
Press: ? - help, Shift-Dir - straight line, f/p - orc wizard
Aim: an orc wizard, wielding a +1 dagger of speed and wearing a cursed +0 robe (moderately wounded)
The magic dart hits the orc wizard.
The orc wizard is heavily wounded.
The orc wizard hits you with a +1 dagger of speed.
* * * LOW HITPOINT WARNING * * *
Casting: Magic Dart (safe; 1% risk of failure)
Confirm with . or Enter, or press ? or * to list all spells.
Aiming: Magic Dart (safe; 1% risk of failure)
Press: ? - help, Shift-Dir - straight line, f/p - orc wizard
Aim: an orc wizard, wielding a +1 dagger of speed and wearing a cursed +0 robe (heavily wounded)
The magic dart hits the orc wizard but does no damage.
The orc wizard is heavily wounded.
The orc wizard casts a spell at you. The puff of flame hits you.
* * * LOW HITPOINT WARNING * * *
The orc wizard casts a spell at you. The puff of flame hits you!
You die...

# ######### .#
#.......##.###.
##.#####<.......
........@....##.
##.#####..##.#
#o.# # .....
.##..... o.
....## )† .#....
... ....### ...
##..#


You could see an orc wizard.

Vanquished Creatures
  4 adders
  An ooze (D:2)
  A worm (D:2)
  A dart slug (D:1)
  A leopard gecko (D:2)
  2 orcs
  4 bats
  2 giant cockroaches (D:1)
  3 goblins
  2 hobgoblins
  3 jackals (D:1)
  A quokka (D:2)
  A frilled lizard (D:2)
  2 kobolds
  2 rats (D:1)
30 creatures vanquished.

Notes
Turn   | Place    | Note
-------+----------+-------------------------------------------
     0 | D:1      | Gildeon the Deep Elf Conjurer began the quest for the Orb.
     0 | D:1      | Reached XP level 1. HP: 10/10 MP: 6/6
   250 | D:1      | Reached XP level 2. HP: 15/15 MP: 2/8
   255 | D:1      | Learned a level 2 spell: Searing Ray
   955 | D:2      | Reached XP level 3. HP: 19/19 MP: 6/10
   960 | D:2      | Learned a level 3 spell: Dazzling Spray
  1162 | D:2      | Reached skill level 5 in Conjurations
  1951 | D:3      | Reached XP level 4. HP: 23/24 MP: 10/12
  1962 | D:3      | HP: 1/24 [orc wizard/puff of flame (5)]
  1963 | D:3      | Killed from afar by an orc wizard

Levels and vault maps discovered:
D:1:      roderic_octagonal_star, layout_rooms
D:2:      layout_basic
D:3:      layout_loops_cross, kennysheep_generic_room_16

Skill      XL: |  1  2  3  4 |
---------------+-------------+-----
Spellcasting   | 4 |  4.4
Conjurations   | 5 |  5.0
Stealth        | 3 |  3.0
Dodging        | |  2.9
Shields        | |  0.6

Action                   |  1- 3 |  4- 6 || total
-------------------------+-------+-------++-------
 Cast: Magic Dart        |    57 |     9 ||    66
       Searing Ray       |     1 |       ||     1
  Use: Scroll            |     4 |       ||     4
  Eat: Chunk             |     2 |       ||     2
Armor: Robe              |     2 |       ||     2
Dodge: Dodged            |     4 |     1 ||     5
